AoeStats
← mountain98

Hideout

509861045Analyzed
1v1 RM · 4d ago on Sep 28, 2026· 35m 50s· 2 players
Game mode
Random Map
Map size
Tiny (2 player)
Population
200
Speed
Normal
Resources
Standard
Victory
Conquest
Starting age
Dark Age
Ending age
Imperial Age
RankedLock teamsTeams togetherTeam positionsShared explorationLock speedFull tech treeHidden civsTurbo modeCheats
Victory
Defeat
🇳🇱 Saxons · Netherlands
885
+16
🇺🇸 Varangians · United States
877
-43
LearnSmart
9:30 Feudal Age
10:01 Double-Bit Axe
11:53 Loom
13:45 Wheelbarrow
18:18 Castle Age
16:24 Horse Collar
18:28 Scale Barding Armor
18:37 Scale Mail Armor
25:32 Gold Mining
28:38 Crossbowman
30:33 Murder Holes
31:38 Bloodlines
34:01 Masonry
mountain98
8:44 Loom
11:08 Feudal Age
16:25 Castle Age
18:49 Horse Collar
19:34 Double-Bit Axe
20:56 Pikeman
22:14 Gambesons
24:13 Scale Mail Armor
30:10 Imperial Age
28:09 Gold Mining
32:15 Forging
Connection lost

Rejoining the realm…

Still unreachable

The connection could not be restored.

Session expired

The server has moved on; the page needs a fresh start.